 Dungeon Crawl Stone Soup version 0.28.0-43-g3370ac3207 (webtiles) character file.

Game seed: 5571891617675420363

12210 pkoi the Severer (level 11, -3/97 HPs)
             Began as a Minotaur Gladiator on Mar 3, 2022.
             Was an Initiate of Gozag.
             Slain by a minotaur
             ... wielding the +9 war axe "Tyelebut" {protect, *Corrode Str+3 Int-2 Dex+5}
              (18 damage)
             ... in a Gauntlet.
             The game lasted 00:18:25 (15104 turns).

pkoi the Severer (Minotaur Gladiator)              Turns: 15104, Time: 00:18:25

Health: -3/97      AC: 15    Str: 18    XL:     11   Next: 59%
Magic:  10/10      EV:  8    Int:  7    God:    Gozag
Gold:   282        SH:  0    Dex: 17    Spells: 10/10 levels left

rFire   + + .      SeeInvis .   I - +3 battleaxe (vorpal)
rCold   + . .      Faith    .   (shield currently unavailable)
rNeg    . . .      Spirit   .   K - +2 chain mail {rPois}
rPois   +          Reflect  .   c - +0 hat
rElec   +          Harm     .   f - +2 cloak {Will+}
rCorr   +          Rampage  .   m - +0 pair of gloves
Will    +....      NoTele   +   (no boots)
Stlth   ..........              (no amulet)
HPRegen 0.26/turn               r - ring of protection from fire
MPRegen 0.12/turn               e - +6 ring of dexterity

@: resistant, gold aura, hasted, very quick
A: horns 2, retaliatory headbutt, [weak 2]
a: Renounce Religion, Potion Petition, Call Merchant, Bribe Branch


You were in a Gauntlet.
You worshipped Gozag.
Gozag was aware of your devotion.
You visited 3 branches of the dungeon, and saw 13 of its levels.
You also visited: Bailey and Gauntlet.

You collected 1749 gold pieces.
You spent 222 gold pieces at shops.
You paid 1245 gold pieces to Gozag.

Inventory:

Hand Weapons
 a - a +0 war axe
 l - a +4 war axe
 p - the +8 short sword "Liaphut" {antimagic, Str+3 Int+4 Dex+5}
   (You found it on level 7 of the Dungeon)

   It reduces the magical energy of the wielder, and disrupts the spells and
   magical abilities of those it strikes.
   Natural abilities and divine invocations are not affected.
   Str:       It affects your strength (+3).
   Int:       It affects your intelligence (+4).
   Dex:       It affects your dexterity (+5).
 I - a +3 vorpal battleaxe (weapon)
Missiles
 d - 3 throwing nets (quivered)
 h - 8 curare-tipped darts
Armour
 c - a +0 hat (worn)
 f - a +2 cloak of willpower (worn)
 m - a +0 pair of gloves (worn)
 D - an orb of wrath
 K - a +2 chain mail of poison resistance (worn)
 L - a +0 hat of willpower
Jewellery
 e - a +6 ring of dexterity (right hand)
 j - a ring of poison resistance
 k - a ring of wizardry
 r - a ring of protection from fire (left hand)
Wands
 s - a wand of digging (4)
 y - a wand of flame (11)
 E - a wand of polymorph (7)
 J - a wand of iceblast (7)
Scrolls
 b - 2 scrolls of summoning
 g - 2 scrolls of blinking
 i - 5 scrolls of teleportation
 z - a scroll of fog
 C - 2 scrolls of identify
Potions
 n - 2 potions of flight
 o - 4 potions of cancellation
 q - 3 potions of magic
 t - a potion of brilliance
 u - 2 potions of mutation
 v - 5 potions of heal wounds
 w - a potion of might
 x - 6 potions of haste
 A - a potion of lignification
 B - 2 potions of curing
 G - 2 potions of attraction
Miscellaneous
 F - a phantom mirror
 H - a lightning rod (4/4)


   Skills:
 - Level 9.0 Fighting
 * Level 17.7 Axes
 - Level 2.0 Throwing
 - Level 3.1 Armour
 - Level 3.2 Dodging
 + Level 7.3 Evocations


You had 10 spell levels left.
You didn't know any spells.
Your spell library contained the following spells:

 Spells                   Type           Power      Damage    Failure   Level
 Foxfire                  Conj/Fire      0%         2x1d4     99%         1
 Sublimation of Blood     Necr           0%         N/A       100%        2
 Conjure Flame            Conj/Fire      0%         6-21      100%        3
 Inner Flame              Hex/Fire       0%         N/A       100%        3
 Flame Wave               Conj/Fire      0%         2d4       100%        4
 Petrify                  Tmut/Erth      0%         N/A       100%        4
 Summon Ice Beast         Ice/Summ       0%         N/A       100%        4
 Irradiate                Conj/Tmut      0%         3d13      100%        5
 Summon Mana Viper        Hex/Summ       0%         N/A       100%        5
 Conjure Ball Lightning   Conj/Air       0%         3x3d6     100%        6
 Dispersal                Tloc           0%         N/A       100%        6
 Malign Gateway           Summ/Tloc      0%         N/A       100%        7
 Monstrous Menagerie      Summ           0%         N/A       100%        7
 Borgnjor's Revivificati  Necr           0%         N/A       100%        8
 Discord                  Hex            0%         N/A       100%        8
 Disjunction              Tloc           0%         N/A       100%        8
 Necromutation            Tmut/Necr      0%         N/A       100%        8
 Summon Horrible Things   Summ           0%         N/A       100%        8
 Death's Door             Necr           0%         N/A       100%        9


Dungeon Overview and Level Annotations

Branches:
Dungeon (10/15)            Temple (1/1) D:4            Lair (2/6) D:9
 Bailey (visited)         Gauntlet (1/1)
  Swamp: Lair:2-4    Shoals: Lair:2-4     Snake: Lair:2-4    Spider: Lair:2-4
    Orc: D:9-12

Altars:
Ashenzari
Cheibriados
Dithmenos
Elyvilon
Fedhas
Gozag
Hepliaklqana
Kikubaaqudgha
Makhleb
Nemelex Xobeh
Okawaru
Qazlal
Ru
Sif Muna
Trog
Uskayaw
Vehumet
Wu Jian
Yredelemnul
Zin
The Shining One

Shops:
Lair:1 [

Annotations:
Gauntlet 6 transporters


Innate Abilities, Weirdness & Mutations

You have a pair of horns on your head.
You reflexively headbutt those who attack you in melee.
[You are very weak. (Str -4)]


Message History

You destroy the small abomination!
The shadow is distracted by your dazzling golden aura.
You now have 842 gold pieces (gained 15).
You start resting.
The shadow is no longer distracted by gold.
You start resting.
A minotaur comes into view.
It is wielding the +9 war axe "Tyelebut" {protect, *Corrode Str+3 Int-2 Dex+5}.
A minotaur is nearby!
A minotaur is nearby!
A minotaur is nearby!
There is a transporter landing site, spattered with blood here.
The minotaur bellows! [a] - 200 gold - might and brilliance [b] - 192 gold - might and brilliance [c] - 560 gold - haste and resistance Purchase which effect?
You no longer have enough gold to petition Gozag for potion effects.
You feel yourself speed up.
You feel protected.
You slash the minotaur! You headbutt the minotaur.
The minotaur is moderately wounded.
The minotaur hits you with the +9 war axe "Tyelebut" {protect, *Corrode Str+3 Int-2 Dex+5}!
* * * LOW HITPOINT WARNING * * *
The minotaur gores you.
* * * LOW HITPOINT WARNING * * *
You completely miss the minotaur.
You headbutt the minotaur, but do no damage.
The minotaur is moderately wounded.
Unknown command.
You slice the minotaur!!
The minotaur is heavily wounded.
The minotaur hits you with the +9 war axe "Tyelebut" {protect, *Corrode Str+3 Int-2 Dex+5}.
* * * LOW HITPOINT WARNING * * *
The minotaur gores you.
* * * LOW HITPOINT WARNING * * *
You barely miss the minotaur.
The minotaur is heavily wounded.
The minotaur hits you with the +9 war axe "Tyelebut" {protect, *Corrode Str+3 Int-2 Dex+5}!!
You die...
Your body crumbles into a pile of gold.

.###########§..###########..###
.............§..............#8#
............≈§≈............≈###
#############################
#8# #≈...............≈# #8# ###
#8.8.8..©.©..8.8.8# ###
#≈...............≈#
###.#.#######.#.### # #.
#.H@.#.# #. #.##.#.# H .. ....
# ## ..#.# #..#.# #... # #.8#
##


You could see a minotaur.

Vanquished Creatures
  Fannar (Lair:1)
  2 two-headed ogres
  A deep elf pyromancer (D:8)
  A cane toad (Lair:1)
  A komodo dragon (Lair:1)
  A troll (D:9)
  5 blink frogs (Lair:2)
  A raiju (Gauntlet)
  3 centaur simulacra (Gauntlet)
  A wyvern (D:8)
  17 yaks
  A basilisk (Lair:1)
  2 steam dragons
  2 wargs (D:9)
  4 water moccasins
  A meliai simulacrum (Gauntlet)
  4 orc warriors
  A sky beast (D:5)
  A small abomination (Gauntlet)
  4 black bears
  A necrophage (D:6)
  2 centaurs
  An ogre (D:5)
  A kobold brigand (D:8)
  7 bullfrogs
  A wyvern zombie (D:8)
  3 scorpions (D:5)
  A water moccasin skeleton (D:7)
  9 killer bees (D:9)
  9 wights
  4 centaur zombies
  2 hounds
  A wyvern simulacrum (Gauntlet)
  3 orc priests
  4 jellies
  A bullfrog skeleton (D:4)
  3 gnoll shamans
  3 orc wizards
  Terence (D:2)
  An iguana (D:6)
  25 gnolls
  6 adders
  A shadow imp (D:5)
  A white imp (D:6)
  5 worms
  5 dart slugs
  39 orcs
  4 ball pythons
  10 endoplasms
  5 giant cockroaches
  8 goblins
  8 hobgoblins
  6 jackals (D:2)
  10 kobolds
  A quokka (D:2)
  4 bats
  2 frilled lizards
  7 rats
259 creatures vanquished.

Vanquished Creatures (others)
  A kobold (D:4)
  A fungus (Lair:2)
  4 plants (D:9)
6 creatures vanquished.

Grand Total: 265 creatures vanquished

Notes
Turn   | Place    | Note
-------+----------+-------------------------------------------
     0 | D:1      | pkoi the Minotaur Gladiator began the quest for the Orb.
     0 | D:1      | Reached XP level 1. HP: 18/18 MP: 0/0
   123 | D:1      | Reached skill level 4 in Axes
   300 | D:1      | Reached XP level 2. HP: 25/25 MP: 1/1
   870 | D:2      | Reached skill level 5 in Axes
   930 | D:2      | Reached XP level 3. HP: 27/30 MP: 2/2
  1026 | D:2      | Found a faded altar of an unknown god.
  1112 | D:2      | Noticed Terence
  1120 | D:2      | Killed Terence
  1121 | D:2      | Reached skill level 1 in Armour
  1291 | D:2      | Reached XP level 4. HP: 36/37 MP: 3/3
  2025 | D:3      | Reached skill level 6 in Axes
  2036 | D:3      | Reached XP level 5. HP: 44/45 MP: 4/4
  2454 | D:5      | Entered Level 5 of the Dungeon
  3212 | D:4      | Noticed a black bear
  3231 | D:4      | Killed a black bear
  3232 | D:4      | Reached skill level 7 in Axes
  3232 | D:4      | Reached XP level 6. HP: 52/52 MP: 5/5
  3696 | D:4      | Found a staircase to the Ecumenical Temple.
  3716 | Temple   | Entered the Ecumenical Temple
  3769 | Temple   | Became a worshipper of Gozag Ym Sagoz the Greedy
  3906 | D:5      | Noticed a yak
  3906 | D:5      | Noticed a yak
  3907 | D:5      | Noticed a yak
  3907 | D:5      | Noticed a yak
  3909 | D:5      | Noticed a yak
  3926 | D:4      | Killed a yak
  3927 | D:4      | Reached skill level 5 in Fighting
  3927 | D:4      | Reached skill level 8 in Axes
  3927 | D:4      | Reached XP level 7. HP: 14/61 MP: 6/6
  4298 | D:4      | Killed a yak
  4299 | D:4      | Reached skill level 9 in Axes
  4530 | D:4      | Killed a yak
  4545 | D:4      | Killed a yak
  4546 | D:4      | Reached XP level 8. HP: 53/71 MP: 7/7
  4644 | D:5      | Reached skill level 10 in Axes
  5243 | D:5      | Reached skill level 11 in Axes
  5364 | D:5      | Found a shimmering blue altar of Sif Muna.
  6235 | D:6      | Reached XP level 9. HP: 71/81 MP: 8/8
  6246 | D:6      | Reached skill level 12 in Axes
  6774 | D:6      | Reached skill level 1 in Evocations
  7042 | D:7      | Identified the +8 short sword "Liaphut" {antimagic, Str+3
                  | Int+4 Dex+5}
  7071 | D:7      | Found a flagged portal.
  7095 | Bailey   | Entered a bailey
  8242 | D:7      | Noticed a two-headed ogre
  8391 | D:7      | Found a glowing silver altar of Zin.
  8426 | D:7      | Found a shadowy altar of Dithmenos.
  8557 | D:7      | Reached skill level 13 in Axes
  8641 | D:7      | Found a broken altar of Ashenzari.
  9202 | D:8      | Identified the +3 leather armour of Inaction {rC+}
  9202 | D:8      | Noticed a deep elf pyromancer
  9461 | D:8      | Found an ornate altar of the Wu Jian Council.
  9461 | D:8      | Found a hide-covered altar of Uskayaw.
  9461 | D:8      | Found a basalt altar of Yredelemnul.
  9606 | D:7      | Killed a two-headed ogre
  9607 | D:7      | Reached skill level 14 in Axes
  9607 | D:7      | Reached XP level 10. HP: 33/91 MP: 9/9
 10243 | D:8      | Killed a deep elf pyromancer
 10908 | D:9      | Found an ancient bone altar of Kikubaaqudgha.
 10997 | D:9      | Noticed a two-headed ogre
 11199 | D:9      | Killed a two-headed ogre
 11200 | D:9      | Reached skill level 15 in Axes
 11200 | D:9      | Reached skill level 5 in Evocations
 11578 | D:9      | Reached skill level 16 in Axes
 11912 | D:9      | Reached XP level 11. HP: 77/97 MP: 10/10
 12244 | D:9      | Found a staircase to the Lair.
 12885 | D:10     | Entered Level 10 of the Dungeon
 12931 | Lair:1   | Entered Level 1 of the Lair of Beasts
 13350 | Lair:1   | Bought a +2 chain mail of poison resistance for 222 gold
                  | pieces
 13786 | Lair:1   | Noticed Fannar
 13798 | Lair:1   | Killed Fannar
 13799 | Lair:1   | Reached skill level 17 in Axes
 13892 | Lair:2   | Noticed a six-headed hydra
 14109 | Lair:2   | Found a gate leading to a gauntlet.
 14116 | Gauntlet | Entered a Gauntlet
 14116 | Gauntlet | Found a transporter.
 14116 | Gauntlet | Found a transporter.
 14116 | Gauntlet | Found a transporter.
 14119 | Gauntlet | Noticed a tengu warrior
 14120 | Gauntlet | Found a transporter.
 14120 | Gauntlet | Found a transporter.
 14122 | Gauntlet | Found a transporter.
 14125 | Gauntlet | Noticed a catoblepas
 14130 | Gauntlet | Found a transporter.
 14134 | Gauntlet | Found a transporter.
 14139 | Gauntlet | Noticed a wretched star
 14144 | Gauntlet | Found a transporter.
 14246 | Gauntlet | Found a transporter.
 14250 | Gauntlet | Found a transporter.
 14265 | Gauntlet | Found a transporter.
 15092 | Gauntlet | Identified the +9 war axe "Tyelebut" {protect, *Corrode
                  | Str+3 Int-2 Dex+5}
 15092 | Gauntlet | Identified the +9 arbalest of True Grit {penet, Drain
                  | Fragile rC+++ rCorr}
 15092 | Gauntlet | Noticed a minotaur
 15104 | Gauntlet | Slain by a minotaur

Illustrated notes

Levels and vault maps discovered:
D:1:      enne_arrival_octagon_isle, layout_loops_ring
D:2:      layout_loops_cross, ebering_ecumenical_altar_webs, uniq_terence
D:3:      layout_loops_ring
D:4:      cheibrodos_helix_gallery, layout_rooms, lemuel_temple_firewalk_a,
          minmay_misc_feat_four_crosses, kennysheep_generic_room_11
D:5:      layout_loops_ring, lemuel_blue_sif_altar, corner_web_ring
D:6:      layout_loops_cross
D:7:      layout_cave_pools, mainiacjoe_overflow_tiny_flanked,
          mainiacjoe_overflow_catch_the_wave, enter_bailey_4
D:8:      layout_layer_cave, chequers_temple_overflow_statue_of_worship
D:9:      layout_long_grid, mainiacjoe_overflow_cross_hatched,
          erik_lair_orcish_takeover
D:10:     layout_loops_corners, led_xom_imps, minmay_orc_entry_temple_small,
          serial_shops, shop, shop, nicolae_shop_window_shopping, shop,
          nicolae_shop_waterfront, serial_aquarium, aquarium_bridge_square
          [aquarium_subvault_bridge, aquarium_subvault_wall,
          aquarium_subvault_wall, aquarium_subvault_window],
          aquarium_bridge_straight [aquarium_subvault_bridge,
          aquarium_subvault_wall, aquarium_subvault_bridge,
          aquarium_subvault_window], aquarium_window_1, aquarium_window_double,
          aquarium_view_2f, minmay_misc_feat_alley, uniq_urug
Temple:   cyrus_circular_temple
Lair:1:   layout_concentric_octagons, uniq_fannar
Lair:2:   layout_misc_corridors, elwin_shoals_entry_rooms,
          minmay_snake_entry_six_corridors, gauntlet_entry_generic,
          minivault_24, uniq_gastronok
Gauntlet: gammafunk_gauntlet_hard_choice [nicolae_gauntlet_arena_flowing_pool,
          gammafunk_gauntlet_arena_split_x, nicolae_gauntlet_arena_grate_2,
          gammafunk_gauntlet_arena_crates, gammafunk_gauntlet_arena_chambers,
          nicolae_gauntlet_arena_quarters,
          nicolae_gauntlet_exit_dead_adventurers]

Skill      XL: |  1  2  3  4  5  6  7  8  9 10 11 |
---------------+----------------------------------+-----
Axes           | 4 5 6 7 8 9 11 14 16 17 | 17.7
Armour         | 1 2 3 |  3.1
Fighting       | 3 4 5 6 8 9 |  9.0
Evocations     | 3 6 7 |  7.3
Throwing       | |  2.0
Dodging        | |  3.2

Action                   |  1- 3 |  4- 6 |  7- 9 | 10-12 || total
-------------------------+-------+-------+-------+-------++-------
Melee: War axe           |    60 |   108 |   236 |   165 ||   569
       Headbutt          |    14 |    26 |    54 |    51 ||   145
       Punch             |     1 |     1 |     3 |     2 ||     7
       Battleaxe         |       |       |       |    85 ||    85
Invok: Potion Petition   |       |       |       |     1 ||     1
       Call Merchant     |       |       |       |     1 ||     1
Evoke: Wand              |       |       |     2 |       ||     2
  Use: Scroll            |       |     5 |     5 |     5 ||    15
       Potion            |       |       |     6 |     3 ||     9
 Stab: Sleeping          |     2 |     1 |     3 |       ||     6
       Distracted        |       |       |     1 |     1 ||     2
Armor: Leather armour    |    17 |    17 |    74 |    13 ||   121
       Plate armour      |       |       |       |    71 ||    71
       Chain mail        |       |       |       |    37 ||    37
Dodge: Dodged            |    47 |    67 |   176 |    90 ||   380
